 Dungeon Crawl Stone Soup version 0.20.1-1-g8b1a95d (webtiles) character file.

3098 manon the Cleaver (level 9, -1/56 HPs)
             Began as a Demonspawn Chaos Knight on Sept 20, 2017.
             Slain by an orc warrior
             ... wielding a +0 war axe
              (27 damage)
             ... in a bailey.
             The game lasted 00:27:09 (4937 turns).

manon the Cleaver (Demonspawn Chaos Knight)         Turns: 4937, Time: 00:27:09

Health: -1/56      AC: 13    Str: 21    XL:     9   Next: 59%
Magic:  9/9        EV:  8    Int: 10    God:    Xom [.....*]
Gold:   292        SH:  4    Dex: 14    Spells: 8/8 levels left

rFire    . . .     SeeInvis +   G - +3 battleaxe of a Spat {flame, Str+7} (curse)
rCold    . . .     Gourm    .   (shield currently unavailable)
rNeg     + . .     Faith    .   j - +0 chain mail
rPois    +         Spirit   .   (no helmet)
rElec    .         Reflect  .   g - +0 cloak
rCorr    .         Harm     .   e - +0 pair of gloves
MR       .....                  (no boots)
Stlth    ..........             O - amulet of regeneration
Regen    2.6/turn               i - ring of Pioduk {*Contam rPois rN+ Str+4 SInv}
MPRegen  0.2/turn               (no ring)

@: hasted, very quick
A: hooves 2, large bone plates 1, blurry vision 1, dopey 2, frail 1, powered by
death 2, screaming 2, spiny 1, weak 2
a: Renounce Religion


You were in a bailey.
You worshipped Xom.
You were Xom's teddy bear.
You were hungry.

You visited 1 branch of the dungeon, and saw 8 of its levels.
You also visited: Bailey.

You collected 292 gold pieces.

Inventory:

Hand Weapons
 a - a +0 hand axe of chaos
 v - a +1 vampiric dagger
 w - a cursed +0 war axe
 z - a +0 morningstar
 G - the cursed +3 battleaxe of a Spat (weapon) {flame, Str+7}
   (You found it on level 6 of the Dungeon)

   It has been specially enchanted to burn those struck by it, causing extra
   injury to most foes and up to half again as much damage against particularly
   susceptible opponents.
   Big, fiery blades are also staple armaments of hydra-hunters.
   It affects your strength (+7).
   It has a curse placed upon it.
Missiles
 d - 25 bolts
 f - 40 sling bullets
 m - 67 arrows
 n - 32 poisoned needles
 E - 2 tomahawks (quivered)
 P - 14 tomahawks of returning
Armour
 b - a +2 leather armour
 e - a +0 pair of gloves (worn)
 g - a +0 cloak (worn)
 j - a +0 chain mail (worn)
Magical Staves
 k - an uncursed staff of poison
Jewellery
 i - the ring of Pioduk (left hand) {*Contam rPois rN+ Str+4 SInv}
   (Xom gifted it to you on level 2 of the Dungeon)

   [ring of positive energy]

   It affects your strength (+4).
   It protects you from poison.
   It protects you from negative energy.
   It lets you see invisible.
   It causes magical contamination when unequipped.
 O - an amulet of regeneration (around neck)
Wands
 F - a wand of flame (28/48)
Scrolls
 p - a scroll of recharging {unknown}
 r - 2 scrolls of fear {unknown}
 s - 2 scrolls of enchant weapon {unknown}
 u - a scroll of enchant armour {unknown}
 x - 3 scrolls of noise
 y - a scroll of random uselessness {unknown}
 H - 2 scrolls of teleportation {unknown}
 I - 2 scrolls of remove curse {unknown}
 K - a scroll of identify
 L - a scroll of torment {unknown}
Potions
 l - 2 potions of agility
 q - 3 potions of heal wounds
 t - 2 potions of brilliance
 A - a potion of cancellation {unknown}
 B - 2 potions of haste
 C - a potion of degeneration {unknown}
 D - 2 potions of curing
 N - a potion of flight {unknown}
Comestibles
 c - 8 bread rations
 h - 5 meat rations
 o - 3 royal jellies
 J - 5 fruits


   Skills:
 - Level 3.0 Fighting
 * Level 10.5 Axes
 + Level 7.2 Armour
 - Level 0.8 Dodging


You had 8 spell levels left.
You didn't know any spells.

Dungeon Overview and Level Annotations

Branches:
Dungeon (8/15)             Temple (0/1) D:4
   Lair: D:8-11

Altars:
Cheibriados
Elyvilon
Gozag
Ru
Trog
Xom
Zin

Annotations:
D:2 Sigmund


Innate Abilities, Weirdness & Mutations

You have hoof-like feet.
You are partially covered in large bone plates. (SH +4)
You regenerate health from kills.
You are partially covered in sharp spines.
Scrolls take you a little longer to read.
You are very dopey. (Int -4)
You are frail. (-10% HP)
You sometimes yell uncontrollably at your foes.
You are very weak. (Str -4)


Message History

The orc warrior hits you but does no damage.
An orc comes into view. It is wielding a hand axe.
The orc shouts!
You hit the orc warrior but do no damage.
Your kick misses the orc warrior.
The kobold stops moving altogether!
The kobold throws a tomahawk of returning.
The tomahawk of returning hits you but does no damage.
The orc warrior hits you with a war axe!
The kobold throws a tomahawk of returning.
The tomahawk of returning hits you but does no damage.
The weapon returns to the kobold!
A goblin and a hobgoblin come into view.
Evoke which item? (* to show all) (? for menu, Esc to quit)
Okay, then.
You feel yourself speed up.
The kobold throws a tomahawk of returning.
You block the tomahawk of returning.
The weapon returns to the kobold!
The orc warrior hits you with a war axe!!
You die...
Xom is highly amused!

#'###≈.≈###'#
#..KK≈(≈....#
#'###≈.≈###'#
#..KK≈(≈K...#
#'###≈(≈###'#
#....≈.≈K...#
#'###≈.≈###'#
#^...≈§≈....#
######@######
#oo§# #...#
#.o.# ##o##


gg. .8o g.g You could see 2 orc knights, 2 orc warriors, a gnoll, an orc, 2
hobgoblins, a goblin and 4 kobolds.

Vanquished Creatures
  The ghost of vatarom the Ruffian, a novice DrTm of Ru (D:7)
  The ghost of Stiffzip the Poker, an amateur MfBe of Trog (D:3)
  Menkaure (D:7)
  Duvessa (D:4)
  An ice beast (D:6)
  A water moccasin (D:7)
  A phantom (D:4)
  3 ogres
  A centaur (D:6)
  A bullfrog (D:7)
  2 wyvern zombies
  A gnoll sergeant (D:6)
  Dowan (D:4)
  A water moccasin skeleton (D:4)
  A scorpion (D:6)
  7 killer bees
  A howler monkey (D:5)
  A jelly (D:6)
  3 hounds (D:4)
  A bullfrog skeleton (D:6)
  A gnoll shaman (D:4)
  Jessica (D:3)
  An iguana (D:6)
  Natasha (D:2)
  An orc wizard (D:5)
  7 worker ants
  Robin (D:4)
  10 gnolls
  6 adders
  A shadow imp (D:5)
  2 oozes (D:1)
  An adder skeleton (D:7)
  2 adder zombies
  A worm (D:4)
  2 dart slugs (D:1)
  5 leopard geckos
  18 orcs
  2 ball pythons
  4 giant cockroaches
  18 goblins
  8 hobgoblins
  8 jackals
  A quokka (D:2)
  7 bats
  4 frilled lizards
  A jackal skeleton (D:5)
  10 kobolds
  A leopard gecko skeleton (D:4)
  A quokka zombie (D:7)
  7 rats
  A plant (D:1)
165 creatures vanquished.

Vanquished Creatures (collateral kills)
  A killer bee (D:8)
  A bat (D:2)
  A hobgoblin (D:2)
3 creatures vanquished.

Vanquished Creatures (others)
  An adder (D:3)
1 creature vanquished.

Grand Total: 169 creatures vanquished

Notes
Turn   | Place    | Note
-------+----------+-------------------------------------------
     0 | D:1      | manon the Demonspawn Chaos Knight began the quest for the Orb.
     0 | D:1      | Reached XP level 1. HP: 18/18 MP: 1/1
    97 | D:1      | XOM: harmless Tmut miscast
   198 | D:1      | Reached skill level 3 in Axes
   208 | D:1      | Gained mutation: You regenerate a little health from kills. [demonic ancestry]
   208 | D:1      | Reached XP level 2. HP: 24/24 MP: 2/2
   297 | D:1      | XOM: harmless Fire miscast
   309 | D:1      | XOM: potion effect (brilliance)
   331 | D:1      | XOM: silly message
   448 | D:1      | XOM: harmless Fire miscast
   623 | D:2      | Noticed Sigmund
   637 | D:1      | Gained mutation: You regenerate health from kills. [demonic ancestry]
   637 | D:1      | Reached XP level 3. HP: 29/29 MP: 3/3
   723 | D:2      | XOM: god gift: heavily runed jade ring {god gift}
   724 | D:2      | Got a heavily runed jade ring {god gift}
   752 | D:1      | Identified the ring of Pioduk {*Contam rPois rN+ Str+4 SInv} (Xom gifted it to you on level 2 of the Dungeon)
   785 | D:1      | XOM: scenery: create altars
   832 | D:2      | Noticed Natasha
   840 | D:2      | XOM: summons 3 friendly demons
   845 | D:2      | Killed Natasha
   859 | D:2      | Reached XP level 4. HP: 35/35 MP: 4/4
   988 | D:3      | Noticed Stiffzip's ghost (amateur MfBe)
  1012 | D:3      | Reached skill level 4 in Axes
  1014 | D:3      | Noticed Jessica
  1019 | D:3      | Killed Jessica
  1115 | D:3      | XOM: divination: magic mapping
  1119 | D:3      | XOM: destruction
  1133 | D:3      | Killed Stiffzip's ghost
  1133 | D:3      | Reached skill level 5 in Axes
  1133 | D:3      | Reached XP level 5. HP: 33/41 MP: 5/5
  1164 | D:3      | XOM: harmless Chrm miscast
  1256 | D:3      | Gained mutation: You have large cloven feet. [demonic ancestry]
  1256 | D:3      | Reached XP level 6. HP: 47/47 MP: 6/6
  1450 | D:4      | XOM: noise
  1535 | D:4      | XOM: give mutations
  1535 | D:4      | Gained mutation: You are frail. (-10% HP) [Xom's mischief]
  1535 | D:4      | Gained mutation: You occasionally shout uncontrollably at your foes. [Xom's mischief]
  1535 | D:4      | Gained mutation: You are dopey. (Int -2) [Xom's mischief]
  1535 | D:4      | Gained mutation: You are very dopey. (Int -4) [Xom's mischief]
  1582 | D:4      | Found an opulent altar of Gozag.
  1606 | D:4      | XOM: medium Hex miscast
  1766 | D:4      | XOM: give mutations
  1766 | D:4      | Gained mutation: Scrolls take you a little longer to read. [Xom's mischief]
  1766 | D:4      | Gained mutation: You sometimes yell uncontrollably at your foes. [Xom's mischief]
  1766 | D:4      | Gained mutation: You are weak. (Str -2) [Xom's mischief]
  1766 | D:4      | Gained mutation: You are very weak. (Str -4) [Xom's mischief]
  1959 | D:4      | Noticed Duvessa
  1959 | D:4      | Noticed Dowan
  1962 | D:4      | XOM: divination: magic mapping
  1963 | D:4      | XOM: potion effect (might)
  1964 | D:4      | Killed Duvessa
  1964 | D:4      | Reached skill level 6 in Axes
  1966 | D:4      | Killed Dowan
  1966 | D:4      | Gained mutation: You are partially covered in sharp spines. [demonic ancestry]
  1966 | D:4      | Reached XP level 7. HP: 31/46 MP: 7/7
  2015 | D:4      | XOM: potion effect (haste)
  2202 | D:4      | Found a staircase to the Ecumenical Temple.
  2247 | D:4      | Noticed Robin
  2267 | D:4      | Killed Robin
  2334 | D:4      | Reached skill level 7 in Axes
  2433 | D:4      | XOM: harmless Tloc miscast
  2442 | D:4      | XOM: cast spell 'Summon Small Mammal'
  2444 | D:4      | Reached skill level 5 in Armour
  2547 | D:5      | Entered Level 5 of the Dungeon
  2724 | D:5      | Found a bloodstained altar of Trog.
  2729 | D:5      | XOM: cloud trail
  2900 | D:5      | Found a glowing silver altar of Zin.
  3093 | D:5      | XOM: harmless Summ miscast
  3122 | D:6      | Gained mutation: You have hoof-like feet. [demonic ancestry]
  3122 | D:6      | Reached XP level 8. HP: 52/52 MP: 8/8
  3133 | D:6      | Got a steaming battleaxe
  3317 | D:6      | XOM: silly message
  3432 | D:6      | XOM: harmless Air miscast
  3437 | D:6      | Reached skill level 8 in Axes
  3459 | D:6      | XOM: potion effect (might)
  3462 | D:6      | Identified the cursed +3 battleaxe of a Spat {flame, Str+7} (You found it on level 6 of the Dungeon)
  3469 | D:6      | XOM: divination: detect items
  3864 | D:6      | Reached skill level 9 in Axes
  3898 | D:6      | XOM: mild Tmut miscast
  3957 | D:7      | Noticed vatarom's ghost (novice DrTm)
  3958 | D:7      | XOM: divination: magic mapping
  3972 | D:7      | Killed vatarom's ghost
  3972 | D:7      | Gained mutation: You are partially covered in large bone plates. (SH +4) [demonic ancestry]
  3972 | D:7      | Reached XP level 9. HP: 40/56 MP: 9/9
  4034 | D:7      | Found a snail-covered altar of Cheibriados.
  4036 | D:7      | Found a sacrificial altar of Ru.
  4049 | D:7      | Noticed Menkaure
  4055 | D:7      | Killed Menkaure
  4102 | D:7      | XOM: noise
  4228 | D:7      | Reached skill level 10 in Axes
  4568 | D:7      | XOM: divination: detect creatures
  4677 | D:8      | Found a white marble altar of Elyvilon.
  4799 | D:8      | XOM: enchant monster (good)
  4888 | D:8      | Found a flagged portal.
  4901 | Bailey   | Entered a bailey
  4932 | Bailey   | XOM: enchant monster (good)
  4934 | Bailey   | Noticed an orc knight
  4934 | Bailey   | Noticed an orc knight
  4934 | Bailey   | XOM: smoke on damage
  4937 | Bailey   | Slain by an orc warrior

Skill      XL: |  1  2  3  4  5  6  7  8  9 |
---------------+----------------------------+-----
Axes           | 3 5 6 7 9 10 | 10.5
Armour         | 2 3 4 5 6 7 |  7.2
Fighting       | |  3.0
Dodging        | |  0.8

Action                   |  1- 3 |  4- 6 |  7- 9 || total
-------------------------+-------+-------+-------++-------
Melee: Hand axe          |   115 |   103 |   141 ||   359
       Kick              |       |    14 |    50 ||    64
       Battleaxe         |       |       |    88 ||    88
Throw: Tomahawk          |       |       |     1 ||     1
  Use: Potion            |     3 |     2 |     1 ||     6
       Scroll            |       |       |     3 ||     3
 Stab: Sleeping          |     3 |       |       ||     3
       Paralysed         |     1 |       |       ||     1
       Confused          |       |     1 |     1 ||     2
       Petrifying        |       |     1 |       ||     1
  Eat: Chunk             |       |     2 |     9 ||    11
       Fruit             |       |     1 |     1 ||     2
Armor: Leather armour    |    50 |       |       ||    50
       Chain mail        |    13 |    58 |   151 ||   222
Dodge: Dodged            |    81 |    41 |   119 ||   241
Block: Other             |       |       |    20 ||    20
